 Dungeon Crawl Stone Soup version 0.31-a0-188-g5e087ee2ca (webtiles) character file.

Game seed: 1617415938593505445

206 qw the Skirmisher (level 5, -3/29 HPs)
             Began as a Deep Elf Hunter on June 23, 2023.
             Slain by a hobgoblin (6 damage)
             ... on level 4 of the Dungeon.
             The game lasted 00:00:48 (2178 turns).

qw the Skirmisher (Deep Elf Hunter)                 Turns: 2178, Time: 00:00:48

Health: -3/29      AC:  8    Str: 10    XL:     5   Next: 53%
Magic:  7/7        EV:  2    Int: 14    God:
Gold:   165        SH:  0    Dex: 18    Spells: 4/4 levels left

rFire   . . .        Y - +0 shortbow (chaos)
rCold   . . .        (shield currently unavailable)
rNeg    . . .        m - +0 ring mail
rPois   .            (no helmet)
rElec   .            (no cloak)
rCorr   .            h - +1 pair of gloves
SInv    .            f - +0 pair of boots
Will    .....        (no amulet)
Stlth   +            (no ring)
HPRegen 0.24/turn    (no ring)
MPRegen 0.10/turn

%: no passive effects
@: about to teleport, sleeping
A: no striking features
a: no special abilities


You were on level 4 of the Dungeon.
You visited 1 branch of the dungeon, and saw 4 of its levels.

You collected 165 gold pieces.


   Skills:
 + Level 1.5 Fighting
 - Level 9.1 Ranged Weapons
 - Level 2.4 Dodging
 - Level 1.2 Stealth


You had 4 spell levels left.
You didn't know any spells.
Your spell library was empty.

Inventory:

Hand Weapons
 Y - a +0 shortbow of chaos (weapon)
Armour
 f - a +0 pair of boots (worn)
 h - a +1 pair of gloves (worn)
 m - a +0 ring mail (worn)
Jewellery
 e - a ring of ice
Scrolls
 a - a scroll of enchant armour {unknown}
 i - a scroll of identify
Potions
 b - a potion of lignification {unknown}
 c - a potion of heal wounds {unknown}
 j - a potion of degeneration {unknown}

Dungeon Overview and Level Annotations

Branches:
Dungeon (4/15)
 Temple: D:4-7

Altars:
Cheibriados


Message History

The arrow hits the phantom but does no damage.
The phantom is almost destroyed.
The phantom hits you.
The phantom blinks!
You blink.
A hobgoblin comes into view.
The goblin shoots a sling bullet.
The sling bullet hits you but does no damage.
You shoot an arrow. The arrow hits the phantom.
The phantom convulses.
You destroy the phantom!
The goblin shoots a sling bullet.
The sling bullet closely misses you.
Your Ranged Weapons skill increases to level 9!
You have reached level 5!
You shoot an arrow. The arrow closely misses the hobgoblin.
You shoot an arrow. The arrow hits the hobgoblin!
You kill the hobgoblin!
The goblin shoots a sling bullet.
The sling bullet hits you.
You hear an angry hiss.
You shoot an arrow. The arrow hits the goblin.
The goblin is heavily wounded.
The goblin shoots a sling bullet.
The sling bullet hits you but does no damage.
You shoot an arrow. The arrow closely misses the goblin.
A ball python comes into view.
The sleepcap releases spores at you but does no damage.
You shoot an arrow. The arrow hits the sleepcap.
The sleepcap is poisoned.
The sleepcap is lightly damaged.
The sleepcap releases spores at you but does no damage.
The hobgoblin hits you but does no damage.
You shoot an arrow.
The arrow hits the sleepcap but does no damage.
The sleepcap seems to grow stronger.
The sleepcap is lightly damaged.
The sleepcap releases spores at you. The hobgoblin hits you.
The jackal bites you but does no damage.
2178 ||| READING scroll of teleportation.
As you read the scroll of teleportation, it crumbles to dust.
You feel strangely unstable. The jackal bites you.
The sleepcap releases spores at you.
You are engulfed in a cloud of soporific spores!
You fall asleep.
The hobgoblin hits you.
You die...

############
#..........###############
...######....(............
#.. ##.############### #.#
##.######## #. ..#
##....<... #.
#.##.g¤..#####. #.
#.######.## ## #gf@g.....#
# .....S#.h.##### #####
#..## ...## #####


You could see a sleepcap (strong, very poisoned), a jackal, a hobgoblin, a
goblin and a ball python.

Vanquished Creatures
  A phantom (D:4)
  2 orc wizards (D:3)
  2 adders (D:3)
  3 orcs (D:3)
  3 ball pythons
  9 endoplasms
  4 giant cockroaches
  3 goblins
  6 hobgoblins
  3 jackals
  A quokka (D:1)
  3 bats
  4 frilled lizards
  3 kobolds
  4 rats
51 creatures vanquished.

Notes
Turn   | Place    | Note
-------+----------+-------------------------------------------
     0 | D:1      | qw the Deep Elf Hunter began the quest for the Orb.
     0 | D:1      | Reached XP level 1. HP: 12/12 MP: 3/3
     0 | D:1      | 0 ||| qw: Version: 0.3-a-9-g12657ce
     0 | D:1      | 0 ||| qw: Game counter: 3434
     0 | D:1      | 0 ||| qw: Always use a shield: true
     0 | D:1      | 0 ||| qw: God list: Okawaru
     0 | D:1      | 0 ||| qw: Allow faded altars: false
     0 | D:1      | 0 ||| qw: Do Orc after D:15 true
     0 | D:1      | 0 ||| qw: Do second Lair branch before Depths: true
     0 | D:1      | 0 ||| qw: Lair rune preference: random
     0 | D:1      | 0 ||| qw: Plans: Normal
     0 | D:1      | 0 ||| PLANNING D:1-11
    50 | D:1      | Found a faded altar of an unknown god.
   148 | D:1      | Reached skill level 6 in Ranged Weapons
   148 | D:1      | Reached XP level 2. HP: 16/16 MP: 4/4
   583 | D:1      | 583 ||| UPGRADING to +0 pair of boots.
   588 | D:1      | 588 ||| UPGRADING to +1 pair of gloves.
   593 | D:1      | 593 ||| READING scroll labelled GIHEOSMEDUA.
   694 | D:1      | 694 ||| READING scroll labelled WIMIYMPEBB.
   695 | D:1      | 695 ||| DROPPING scroll of butterflies.
   746 | D:2      | Found a snail-covered altar of Cheibriados.
   839 | D:2      | Reached XP level 3. HP: 20/20 MP: 5/5
   952 | D:2      | 952 ||| FLEEEEING.
   953 | D:2      | 953 ||| FLEEEEING.
   954 | D:2      | 954 ||| FLEEEEING.
   955 | D:2      | 955 ||| FLEEEEING.
   956 | D:2      | 956 ||| FLEEEEING.
   957 | D:2      | 957 ||| FLEEEEING.
   958 | D:2      | 958 ||| FLEEEEING.
   959 | D:2      | 959 ||| FLEEEEING.
   960 | D:2      | 960 ||| FLEEEEING.
   961 | D:2      | 961 ||| FLEEEEING.
   962 | D:2      | 962 ||| FLEEEEING.
   963 | D:2      | 963 ||| FLEEEEING.
   964 | D:2      | 964 ||| FLEEEEING.
   965 | D:2      | 965 ||| FLEEEEING.
  1200 | D:2      | 1200 ||| READING scroll labelled MUJYHI MEEHESU.
  1201 | D:2      | 1201 ||| READING scroll labelled SIECZE OGHIOSEO.
  1202 | D:2      | 1202 ||| DRINKING 2 green potions.
  1204 | D:2      | 1204 ||| Stepping ~*~*~tactically~*~*~ (cloud).
  1205 | D:2      | 1205 ||| DRINKING potion of curing.
  1205 | D:2      | 1205 ||| (to cure poison)
  1340 | D:3      | Reached skill level 7 in Ranged Weapons
  1601 | D:3      | 1601 ||| FLEEEEING.
  1690 | D:3      | 1690 ||| Stepping ~*~*~tactically~*~*~ (outnumbered).
  1699 | D:3      | Reached XP level 4. HP: 11/25 MP: 6/6
  1704 | D:3      | Reached skill level 8 in Ranged Weapons
  2074 | D:3      | 2074 ||| UPGRADING to +0 scale mail.
  2084 | D:3      | 2084 ||| DROPPING +0 leather armour.
  2085 | D:3      | 2085 ||| UPGRADING to +0 ring mail.
  2095 | D:3      | 2095 ||| DROPPING +0 scale mail.
  2096 | D:3      | 2096 ||| READING scroll labelled ITORHA BECRYIFF.
  2097 | D:3      | 2097 ||| READING 2 scrolls labelled IMYXTA OQONWA.
  2102 | D:3      | 2102 ||| READING scroll labelled QEYJUXZOKYA.
  2103 | D:3      | 2103 ||| READING 2 scrolls of identify.
  2103 | D:3      | 2103 ||| IDENTIFYING fizzy black potion
  2104 | D:3      | 2104 ||| DROPPING potion of attraction.
  2161 | D:4      | Noticed a phantom
  2171 | D:4      | Killed a phantom
  2172 | D:4      | Reached skill level 9 in Ranged Weapons
  2172 | D:4      | Reached XP level 5. HP: 12/29 MP: 7/7
  2177 | D:4      | HP: 6/29 [hobgoblin (2)]
  2178 | D:4      | 2178 ||| READING scroll of teleportation.
  2178 | D:4      | Slain by a hobgoblin

Levels and vault maps discovered:
D:1:      denvon_arrival_planthouse, layout_basic, ebering_ecumenical_altar_hall
D:2:      layout_rooms, basic_altar
D:3:      minmay_spotlight, layout_basic
D:4:      layout_loops_ring, minmay_temple_entry_mist, minmay_misc_feat_encased,
          minmay_cut_off

Skill      XL: |  1  2  3  4 |
---------------+-------------+-----
Ranged Weapons | 6 7 9 |  9.1
Fighting       | |  1.5
Dodging        | |  2.4
Stealth        | |  1.2

Action                     |  1- 3 |  4- 6 || total
---------------------------+-------+-------++-------
   Fire: Shortbow          |   110 |    26 ||   136
    Use: Scroll            |     4 |     5 ||     9
         Potion            |     2 |       ||     2
 Armour: Leather armour    |     7 |     4 ||    11
         Ring mail         |       |     7 ||     7
  Dodge: Dodged            |    22 |     7 ||    29

Table legend:
 A = Non-vault XP
 B = Vault XP
 C = Vault XP percentage of total XP
 D = Non-vault monster count
 E = Vault monster count
 F = Vault count percentage of total count
                 A         B        C        D         E       F
            +---------+---------+-------+---------+---------+-------
      Total |     174 |     121 |  41.0 |      46 |       5 |   9.8
            +---------+---------+-------+---------+---------+-------
        D:1 |      25 |       0 |   0.0 |      14 |       0 |   0.0
        D:2 |      31 |       0 |   0.0 |      19 |       0 |   0.0
        D:3 |     116 |       8 |   6.5 |      12 |       4 |  25.0
        D:4 |       2 |     113 |  98.3 |       1 |       1 |  50.0
            +---------+---------+-------+---------+---------+-------
